 Dungeon Crawl Stone Soup version 0.22.1-1-ga44c0e5 (webtiles) character file.

696 Folque the Conjurer (level 7, -4/67 HPs)
             Began as an Octopode Wizard on Sept 30, 2018.
             Was a Believer of Sif Muna.
             Slain by a troll (10 damage)
             ... on level 5 of the Dungeon.
             The game lasted 00:26:09 (5712 turns).

Folque the Conjurer (Octopode Wizard)               Turns: 5712, Time: 00:26:10

Health: -4/67      AC: 23    Str:  8    XL:     7   Next: 64%
Magic:  1/14       EV:  2    Int: 21    God:    Sif Muna [**....]
Gold:   224        SH:  0    Dex: 10    Spells: 4/15 levels left

rFire    . . .     SeeInvis +   w - +1 rapier
rCold    . . .     Gourm    .   (no shield)
rNeg     + + +     Faith    .   (helmet currently unavailable)
rPois    +         Spirit   .   (no amulet)
rElec    .         Reflect  .   q - ring of see invisible
rCorr    .         Harm     .   (no ring)
MR       .....     NoTele   +   (no ring)
Stlth    ++........             (no ring)
HPRegen  0.21/turn              (no ring)
MPRegen  0.14/turn              (no ring)
                                (no ring)
                                (no ring)

@: tree-form (expiring), divine energy
A: almost no armour, stealthy swim, (amphibious), 8 rings, (constrict 8), dopey
1, strong 1, wild magic 1
a: Stop Divine Energy, Renounce Religion


You were on level 5 of the Dungeon.
You worshipped Sif Muna.
Sif Muna was pleased with you.
You were very hungry.
You were a tree.
You visited 1 branch of the dungeon, and saw 5 of its levels.
You also visited: Ossuary.

You collected 224 gold pieces.

Inventory:

Hand Weapons
 b - a +0 short sword
 e - a cursed -2 dagger
 f - a +0 blowgun
 j - a +0 hunting sling
 w - a +1 rapier (weapon)
Missiles
 d - 6 poisoned needles
 o - 20 sling bullets
Armour
 a - a +1 hat (melded)
Jewellery
 q - a ring of see invisible (left branch)
Scrolls
 h - a scroll of enchant weapon
 k - a scroll of immolation
 m - a scroll of fear
 n - 2 scrolls of blinking
 p - 5 scrolls of remove curse
 s - a scroll of amnesia
Potions
 g - 5 potions of lignification
 i - a potion of flight
 l - a potion of magic {unknown}
 r - a potion of curing
 v - a potion of brilliance {unknown}
Comestibles
 c - 8 rations


   Skills:
 - Level 2.0 Fighting
 - Level 2.5 Throwing
 - Level 2.0 Dodging
 * Level 4.1 Stealth
 + Level 4.7 Spellcasting
 + Level 4.9 Conjurations
 - Level 1.0 Summonings
 - Level 1.0 Translocations
 - Level 1.0 Air Magic
 - Level 2.1 Poison Magic


You had 4 spell levels left.
You knew the following spells:

 Your Spells              Type           Power        Failure   Level  Hunger
a - Magic Dart            Conj           ####         2%          1    None
b - Call Imp              Summ           ##......     16%         2    None
c - Blink                 Tloc           N/A          16%         2    None
d - Mephitic Cloud        Conj/Pois/Air  ###.....     16%         3    ##.....
e - Conjure Flame         Conj/Fire      ###.....     17%         3    ##.....

Your spell library contained the following spells:

 Spells                   Type           Power        Failure   Level  Hunger
 Beastly Appendage        Tmut           #.....       16%         1    None
 Slow                     Hex            #.......     24%         2    None
 Sticks to Snakes         Tmut           #.......     24%         2    None
 Spider Form              Tmut/Pois      ##........   30%         3    ##.....
 Ice Form                 Ice/Tmut       #.......     80%         4    ####...
 Blade Hands              Tmut           #.........   98%         5    #####..


Dungeon Overview and Level Annotations

Branches:
Dungeon (5/15)
 Temple: D:4-7

Altars:
Kikubaaqudgha
Sif Muna
Xom
The Shining One


Innate Abilities, Weirdness & Mutations

You cannot wear most types of armour.
You are very stealthy in the water. (Stealth+)
((You are amphibious.))
You can wear up to eight rings at the same time.
((You can use your tentacles to constrict eight enemies at once.))
((Your skin changes colour to match your surroundings (Stealth+).))
((Your rubbery body absorbs attacks. (AC +1, EV +1)))
((One of your tentacles bears a spike.))
You are dopey. (Int -2)
Your muscles are strong. (Str +2)
Your spells are a little harder to cast, but a little more powerful.


Message History

Press: ? - help, Shift-Dir - straight line, f/p - troll
Aim: a troll The ball explodes into a vile cloud!
The stinking cloud engulfs the troll.
Sif Muna grants you divine energy.
You briefly lose access to your magic!
Your transformation is almost over.
The ice beast hits your white imp but does no damage.
The troll is engulfed in noxious fumes.
Your white imp hits the ice beast.
Your white imp freezes the ice beast.
The ice beast completely resists.
The ice beast hits your white imp but does no damage.
The troll barely misses you. The troll claws you.
* * * LOW HITPOINT WARNING * * *
The troll claws you.
* * * LOW HITPOINT WARNING * * *
Your white imp barely misses the ice beast.
You regain access to your magic.
The ice beast hits your white imp. The ice beast freezes your white imp.
Your white imp resists.
The troll bites you!
You die...

.......# ##..##.##...#.#
.......# ##..###'###....#
.......# ##..#.......#Z..#
.......######T.###.....###..##
..............##.##...##.##Z.##
.((.....(....###'###.###'###§.##
.........................T.....#
.............§.§Y5.###..#.#.####
.............§§T♣### ##...#.#
.†.....########### ###.#.#
..(...<# #.#.# .......# #.#.#
.......# #.#.# .......# #.#.#
.......# .......# ........


You could see a troll, an ice beast and a friendly white imp.

Vanquished Creatures
  An ogre (D:4)
  2 vampire bats (D:4)
  A crimson imp (D:5)
  2 orc wizards (D:3)
  A bullfrog skeleton (D:4)
  2 iguanas (D:4)
  A hound zombie (D:5)
  A hound skeleton (D:4)
  12 mummies
  A worker ant zombie (D:5)
  3 gnolls (D:4)
  5 adders
  A howler monkey skeleton (D:4)
  An ooze (D:3)
  An adder skeleton (D:4)
  A worm (D:2)
  A dart slug (D:2)
  A leopard gecko (D:2)
  7 orcs
  5 bat skeletons (D:4)
  A bat zombie (D:4)
  2 giant cockroaches (D:4)
  3 hobgoblins
  3 jackals (D:4)
  15 kobolds
  2 quokkas
  5 bats
  5 frilled lizards
  A gnoll skeleton (Ossuary)
  10 goblins
  2 goblin skeletons (Ossuary)
  A hobgoblin zombie (D:5)
  2 kobold skeletons (Ossuary)
  A kobold zombie (D:5)
  A leopard gecko skeleton (D:4)
  3 orc skeletons (Ossuary)
  7 rats
  11 rat skeletons (Ossuary)
125 creatures vanquished.

Vanquished Creatures (collateral kills)
  3 adders
  A worm (D:2)
  2 leopard geckos (D:3)
  An orc (D:3)
  A goblin (D:2)
  2 hobgoblins
10 creatures vanquished.

Grand Total: 135 creatures vanquished

Notes
Turn   | Place    | Note
-------+----------+-------------------------------------------
     0 | D:1      | Folque the Octopode Wizard began the quest for the Orb.
     0 | D:1      | Reached XP level 1. HP: 11/11 MP: 4/4
   238 | D:1      | Reached skill level 1 in Fighting
   238 | D:1      | Reached XP level 2. HP: 16/18 MP: 6/6
   770 | D:2      | Learned a level 2 spell: Call Imp
   773 | D:2      | Learned a level 2 spell: Blink
   906 | D:2      | Reached XP level 3. HP: 20/23 MP: 7/7
  1306 | D:2      | Found a shimmering altar of Xom.
  1687 | D:2      | Found a deep blue altar of Sif Muna.
  1690 | D:2      | Became a worshipper of Sif Muna the Loreminder
  1974 | D:3      | Learned a level 3 spell: Mephitic Cloud
  2313 | D:3      | Reached skill level 1 in Poison Magic
  2313 | D:3      | Reached XP level 4. HP: 21/29 MP: 9/9
  2344 | D:3      | Gained mutation: You are dopey. (Int -2) [potion of
                  | mutation]
  2344 | D:3      | Gained mutation: Your spells are a little harder to cast,
                  | but a little more powerful. [potion of mutation]
  2344 | D:3      | Gained mutation: Your muscles are strong. (Str +2) [potion
                  | of mutation]
  2344 | D:3      | Gained mutation: One of your tentacles bears a spike.
                  | [potion of mutation]
  2921 | D:3      | Reached skill level 1 in Air Magic
  3034 | D:3      | Reached XP level 5. HP: 21/34 MP: 10/10
  3441 | D:4      | Learned a level 3 spell: Conjure Flame
  3511 | D:4      | Reached * piety under Sif Muna
  3511 | D:4      | Reached skill level 1 in Throwing
  3692 | D:4      | Noticed an ogre
  3712 | D:4      | Killed an ogre
  3712 | D:4      | Reached XP level 6. HP: 39/39 MP: 7/12
  3981 | D:4      | Found an ancient bone altar of Kikubaaqudgha.
  4140 | D:4      | Reached XP level 7. HP: 34/45 MP: 10/13
  4315 | D:4      | Found a glowing golden altar of the Shining One.
  4505 | D:5      | Entered Level 5 of the Dungeon
  4531 | D:5      | Found a sand-covered staircase.
  4557 | Ossuary  | Entered an ossuary
  5574 | D:5      | Reached ** piety under Sif Muna
  5579 | D:5      | Noticed a troll
  5712 | D:5      | Slain by a troll

Skill      XL: |  1  2  3  4  5  6  7 |
---------------+----------------------+-----
Fighting       | 1 2 |  2.0
Conjurations   | 2 3 4 |  4.9
Poison Magic   | 1 2 |  2.1
Air Magic      | 1 |  1.0
Throwing       | 1 2 |  2.5
Spellcasting   | 4 |  4.7
Stealth        | 4 |  4.1
Dodging        | |  2.0
Summonings     | |  1.0
Translocations | |  1.0

Action                   |  1- 3 |  4- 6 |  7- 9 || total
-------------------------+-------+-------+-------++-------
Melee: Short sword       |    93 |    60 |       ||   153
       Constrict         |    22 |    27 |    38 ||    87
       Unarmed           |     5 |       |       ||     5
       Tentacles         |     7 |     9 |    13 ||    29
       Kick              |       |    18 |    24 ||    42
       Rapier            |       |    52 |    87 ||   139
 Fire: Hunting sling     |     4 |     3 |       ||     7
       Blowgun           |       |    14 |       ||    14
 Cast: Magic Dart        |     8 |    15 |    47 ||    70
       Call Imp          |     8 |    11 |     5 ||    24
       Mephitic Cloud    |     1 |     3 |     6 ||    10
       Blink             |       |     1 |     3 ||     4
       Conjure Flame     |       |     1 |       ||     1
Invok: Divine Energy     |       |       |     1 ||     1
  Use: Scroll            |       |     5 |     6 ||    11
       Potion            |       |     3 |     6 ||     9
 Stab: Sleeping          |     7 |     6 |     9 ||    22
       Distracted        |       |     2 |       ||     2
       Confused          |       |       |     1 ||     1
  Eat: Chunk             |     5 |     6 |     1 ||    12
       Ration            |       |       |     1 ||     1
Armor: Skin              |    10 |    11 |    19 ||    40
Dodge: Dodged            |    76 |    81 |    48 ||   205
